 Dungeon Crawl Stone Soup version 0.27-a0-1590-g15f69828bf (webtiles) character file.

Game seed: 1374410117916062379

773 Aviak the Magician (level 7, -10/59 HPs)
             Began as a Demigod Conjurer on July 18, 2021.
             Mangled by an ogre (21 damage)
             ... on level 6 of the Dungeon.
             The game lasted 00:06:19 (6108 turns).

Aviak the Magician (Demigod Conjurer)               Turns: 6108, Time: 00:06:19

Health: -10/59     AC:  7    Str: 12    XL:     7   Next: 28%
Magic:  3/16       EV: 11    Int: 24    God:
Gold:   291        SH:  5    Dex: 12    Spells: 8/14 levels left

rFire    + . .     SeeInvis .   j - +1 war axe (flame)
rCold    . . .     Faith    .   (no shield)
rNeg     . . .     Spirit   .   l - +0 leather armour
rPois    .         Reflect  +   (no helmet)
rElec    .         Harm     .   p - +0 cloak
rCorr    .         Rampage  .   n - +0 pair of gloves
Will     .....                  q - +1 pair of boots
Stlth    ++........             r - amulet of reflection
HPRegen  0.19/turn              F - ring of protection from fire
MPRegen  0.15/turn              (no ring)

@: very slightly contaminated
A: high mp 1, forlorn
a: no special abilities


You were on level 6 of the Dungeon.
You visited 1 branch of the dungeon, and saw 6 of its levels.

You collected 291 gold pieces.

Inventory:

Hand Weapons
 j - a +1 war axe of flaming (weapon)
Missiles
 g - 2 atropa-tipped darts
Armour
 l - a +0 leather armour (worn)
 n - a +0 pair of gloves (worn)
 p - a +0 cloak (worn)
 q - a +1 pair of boots (worn)
Jewellery
 b - an amulet of the acrobat
 r - an amulet of reflection (around neck)
 F - a ring of protection from fire (left hand)
Scrolls
 a - a scroll of immolation {unknown}
 c - 2 scrolls of identify {unknown}
 d - 3 scrolls of teleportation {unknown}
 e - a scroll of acquirement {unknown}
 f - 2 scrolls of vulnerability {unknown}
 i - a scroll of magic mapping {unknown}
 k - 2 scrolls of blinking {unknown}
 m - a scroll of fear {unknown}
 o - a scroll of noise {unknown}
Potions
 h - a potion of heal wounds


   Skills:
 + Level 4.2 Fighting
 + Level 3.8 Axes
 - Level 1.7 Dodging
 - Level 1.7 Stealth
 + Level 4.3 Spellcasting
 - Level 4.0 Conjurations


You had 8 spell levels left.
You knew the following spells:

 Your Spells              Type           Power      Damage    Failure   Level
a - Magic Dart            Conj           96%        1d7       2%          1
b - Searing Ray           Conj           48%        3d5       3%          2
c - Dazzling Flash        Conj/Hex       28%        N/A       16%         3

Your spell library contained the following spells:

 Spells                   Type           Power      Damage    Failure   Level
 Sandblast                Erth           10%        2d5       12%         1
 Passwall                 Tmut/Erth      4%         N/A       19%         2
 Fulminant Prism          Conj/Hex       7%         3d7       45%         4
 Iskenderun's Mystic Bla  Conj/Tloc      14%        2d5       45%         4
 Lee's Rapid Deconstruct  Erth           2%         3d6*      97%         5


Dungeon Overview and Level Annotations

Branches:
Dungeon (6/15)             Temple (0/1) D:5

Annotations:
D:3 3 runed translucent doors, Xoff's ghost, amateur GnFi


Innate Abilities, Weirdness & Mutations

Your attributes grow dramatically as you level up.
You have an increased reservoir of magic. (+10% MP)
You shall have no god before yourself.


Message History

The ogre is moderately wounded. (Press . to maintain the ray.)
The searing ray hits the ogre.
The ogre is heavily wounded.
The ogre hits you with a +0 giant spiked club!!
The searing ray hits the ogre.
The ogre is severely wounded.
The ogre hits you with a +0 giant spiked club.
The searing ray hits the ogre.
The ogre is almost dead.
You finish channeling your searing ray.
The ogre hits you with a +0 giant spiked club!!
* * * LOW HITPOINT WARNING * * *
Unknown command.
You aren't carrying any items that you can evoke.
Casting: Searing Ray (safe; 3% risk of failure)
Confirm with . or Enter, or press ? or * to list all spells.
The ogre is dazzled.
You barely miss the ogre.
The ogre is almost dead.
The ogre barely misses you.
Your magical contamination has completely faded away.
The ogre is no longer blind.
There is a stone staircase leading up here.
Casting: Dazzling Flash (dangerous; 16% risk of failure)
Confirm with . or Enter, or press ? or * to list all spells.
Aiming: Searing Ray (safe; 3% risk of failure)
Press: ? - help, Shift-Dir - straight line, f/p - ogre
Aim: an ogre, wielding a +0 giant spiked club (almost dead, 90% to hit)
You miscast Searing Ray.
You are very lightly contaminated with residual magic.
Nothing appears to happen.
The ogre hits you with a +0 giant spiked club.
* * * LOW HITPOINT WARNING * * *
You see here a +0 leather armour.
You aren't carrying any items that you can evoke.
Casting: Searing Ray (safe; 3% risk of failure)
Confirm with . or Enter, or press ? or * to list all spells.
The ogre hits you with a +0 giant spiked club!!
You die...

#.########
#./......#
#.......#
#......>#
##.......####.#
#.....$........
##.......####.
#......O+
#..|...@#
#.......#
#.......#
#####....
#..... #.....
#..... #.....#


You could see an ogre.

Vanquished Creatures
  A water moccasin (D:5)
  A sky beast (D:5)
  A black bear (D:4)
  A necrophage (D:5)
  A phantom (D:4)
  A bullfrog (D:5)
  A bullfrog zombie (D:5)
  A bullfrog skeleton (D:5)
  An orc wizard (D:4)
  An iguana (D:4)
  A hound skeleton (D:4)
  2 adders (D:3)
  An ufetubus (D:5)
  An adder skeleton (D:4)
  An adder zombie (D:5)
  2 worms
  5 dart slugs
  4 orcs
  6 ball pythons
  4 endoplasms
  2 giant cockroaches
  8 goblins
  11 hobgoblins
  16 jackals
  3 quokkas
  6 bats
  2 frilled lizards (D:2)
  6 kobolds
  7 rats
98 creatures vanquished.

Notes
Turn   | Place    | Note
-------+----------+-------------------------------------------
     0 | D:1      | Aviak the Demigod Conjurer began the quest for the Orb.
     0 | D:1      | Reached XP level 1. HP: 14/14 MP: 5/5
   187 | D:1      | Reached XP level 2. HP: 20/22 MP: 1/7
   190 | D:1      | Learned a level 2 spell: Searing Ray
   364 | D:1      | Reached skill level 1 in Fighting
  1203 | D:1      | Reached XP level 3. HP: 28/28 MP: 6/9
  1511 | D:2      | Learned a level 3 spell: Dazzling Flash
  2839 | D:3      | Reached skill level 1 in Axes
  2999 | D:3      | Reached XP level 4. HP: 36/36 MP: 10/10
  3784 | D:3      | Found a runed translucent gate.
  3786 | D:3      | Noticed Xoff's ghost (amateur GnFi)
  3787 | D:3      | Found a runed translucent gate.
  3787 | D:3      | Found a runed translucent gate.
  3864 | D:4      | Found a sand-covered staircase.
  3958 | D:4      | Noticed a phantom
  3990 | D:4      | Killed a phantom
  3991 | D:4      | Reached XP level 5. HP: 38/42 MP: 2/12
  4448 | D:4      | Noticed a black bear
  4463 | D:4      | Killed a black bear
  4464 | D:4      | Reached XP level 6. HP: 14/51 MP: 5/14
  5066 | D:5      | Entered Level 5 of the Dungeon
  5517 | D:5      | Found a staircase to the Ecumenical Temple.
  5563 | D:5      | Reached XP level 7. HP: 58/58 MP: 8/16
  6108 | D:6      | Mangled by an ogre

Illustrated notes

Levels and vault maps discovered:
D:1:      scummos_arrival_checkerplants, layout_loops_ring,
          ebering_ecumenical_altar_webs, hangedman_decor_points
D:2:      layout_basic
D:3:      layout_loops_ring, ebering_ghost_rock_garden, roderic_lattice_a
D:4:      layout_cave_pods, mainiacjoe_overflow_surrounded_room,
          lightli_ossuary_entry_decrepit_ruins
D:5:      layout_loops_ring, mainiacjoe_overflow_tiny_flanked,
          minmay_temple_entry_mist
D:6:      layout_basic, kennysheep_path_1, nrook_pool_corridor,
          nicolae_shop_clearance

Skill      XL: |  1  2  3  4  5  6  7 |
---------------+----------------------+-----
Spellcasting   | 2 3 4 |  4.3
Fighting       | 1 2 3 4 |  4.2
Conjurations   | 4 |  4.0
Axes           | 1 2 3 |  3.8
Dodging        | |  1.7
Stealth        | |  1.7

Action                   |  1- 3 |  4- 6 |  7- 9 || total
-------------------------+-------+-------+-------++-------
Melee: Whip              |    38 |       |       ||    38
       War axe           |    37 |    91 |     6 ||   134
 Cast: Magic Dart        |    15 |       |       ||    15
       Searing Ray       |    26 |    12 |     2 ||    40
       Dazzling Flash    |       |       |     2 ||     2
  Use: Potion            |       |     4 |       ||     4
 Stab: Sleeping          |     3 |     2 |       ||     5
Armor: Robe              |    16 |       |       ||    16
       Leather armour    |    10 |    24 |     2 ||    36
Dodge: Dodged            |    77 |    96 |     6 ||   179

Table legend: (Time is in decaauts)
 A = Elapsed time spent in this place.
 B = Non-inter-level travel time spent in this place.
 C = Inter-level travel time spent in this place.
 D = Time resting spent in this place.
 E = Time spent auto-exploring this place.
 F = Levels seen in this place.
 G = Mean time per level.
                   A        B        C        D        E       F      G
               +--------+--------+--------+--------+--------+-----+--------+
         Total |   6169 |   6091 |     78 |    384 |   4726 |   6 | 1028.2 |
       Dungeon |   6169 |   6091 |     78 |    384 |   4726 |   6 | 1028.2 |
               +--------+--------+--------+--------+--------+-----+--------+

Top non-repeatable levels by time:
     D:1: 1492 daAuts
     D:2: 1278 daAuts
     D:4: 1268 daAuts
     D:3: 1078 daAuts
     D:5: 1035 daAuts
     D:6: 15 daAuts
